 Dungeon Crawl Stone Soup version 0.31-a0-188-g5e087ee2ca (webtiles) character file.

Game seed: 14624975711272274969

36 qw the Shooter (level 3, -4/20 HPs)
             Began as a Deep Elf Hunter on June 23, 2023.
             Slain by a worm (9 damage)
             ... on level 2 of the Dungeon.
             The game lasted 00:00:15 (883 turns).

qw the Shooter (Deep Elf Hunter)                     Turns: 883, Time: 00:00:15

Health: -4/20      AC:  3    Str:  9 (10) XL:     3   Next: 19%
Magic:  5/5        EV: 12    Int: 12 (13) God:
Gold:   57         SH:  0    Dex: 16 (18) Spells: 2/2 levels left

rFire   . . .        Y - +0 shortbow
rCold   . . .        (shield currently unavailable)
rNeg    . . .        c - +0 leather armour
rPois   .            (no helmet)
rElec   .            (no cloak)
rCorr   .            (no gloves)
SInv    .            (no boots)
Will    .....        (no amulet)
Stlth   ++           (no ring)
HPRegen 0.23/turn    (no ring)
MPRegen 0.09/turn

%: no passive effects
@: no status effects
A: no striking features
a: no special abilities


You were on level 2 of the Dungeon.
You visited 1 branch of the dungeon, and saw 2 of its levels.

You collected 57 gold pieces.


   Skills:
 - Level 1.5 Fighting
 + Level 6.8 Ranged Weapons
 - Level 2.4 Dodging
 - Level 1.2 Stealth


You had 2 spell levels left.
You didn't know any spells.
Your spell library was empty.

Inventory:

Hand Weapons
 Y - a +0 shortbow (weapon)
Armour
 c - a +0 leather armour (worn)
Scrolls
 a - a scroll of teleportation {unknown}
 g - a scroll of identify
Potions
 d - a potion of heal wounds {unknown}

Dungeon Overview and Level Annotations

Branches:
Dungeon (2/15)

Altars:


Message History

You kill the ball python!
The bat barely misses you.
You shoot an arrow. The arrow hits the bat.
The bat is severely wounded.
The bat hits you but does no damage. The giant cockroach barely misses you.
The giant cockroach bites you.
You shoot an arrow. The arrow hits the giant cockroach.
The giant cockroach is moderately wounded.
The bat hits you but does no damage. The giant cockroach barely misses you.
You shoot an arrow.
The arrow hits the giant cockroach but does no damage.
The giant cockroach is moderately wounded.
The bat barely misses you.
The giant cockroach bites you but does no damage.
You shoot an arrow.
The arrow hits the bat but does no damage.
The bat is heavily wounded.
The bat barely misses you. x2
The giant cockroach bites you but does no damage.
The giant cockroach completely misses you.
You shoot an arrow. The arrow misses the bat.
The bat closely misses you. The giant cockroach closely misses you.
The bat closely misses you.
You shoot an arrow. The arrow closely misses the bat.
The bat completely misses you. The giant cockroach barely misses you.
You shoot an arrow. The arrow hits the giant cockroach.
You kill the giant cockroach!
The bat barely misses you.
You shoot an arrow. The arrow hits the bat.
You kill the bat!
You feel your intelligence returning.
You shoot an arrow. The arrow barely misses the worm.
The worm closely misses you.
You shoot an arrow. The arrow barely misses the worm.
The worm misses you.
You shoot an arrow. The arrow hits the worm!
The worm is heavily wounded.
You shoot an arrow. The arrow barely misses the worm.
The worm bites you!
You die...

## #?# ..# .. #.
####w#######
#...%@.....#
#.##%#####.#
#.#####.# $.
..##.# ##.
#.##.######.
###.##.#.[.......
#....%........##.
#.####.#.........
#.####.#......##.


You could see a worm.

Vanquished Creatures
  2 adders (D:2)
  2 ball pythons
  A bat (D:2)
  A giant cockroach (D:2)
  2 goblins (D:1)
  2 jackals (D:1)
  A quokka (D:2)
  2 frilled lizards
  3 kobolds (D:1)
  3 rats (D:1)
19 creatures vanquished.

Notes
Turn   | Place    | Note
-------+----------+-------------------------------------------
     0 | D:1      | qw the Deep Elf Hunter began the quest for the Orb.
     0 | D:1      | Reached XP level 1. HP: 12/12 MP: 3/3
     0 | D:1      | 0 ||| qw: Version: 0.3-a-9-g12657ce
     0 | D:1      | 0 ||| qw: Game counter: 3595
     0 | D:1      | 0 ||| qw: Always use a shield: true
     0 | D:1      | 0 ||| qw: God list: Okawaru
     0 | D:1      | 0 ||| qw: Allow faded altars: false
     0 | D:1      | 0 ||| qw: Do Orc after D:15 true
     0 | D:1      | 0 ||| qw: Do second Lair branch before Depths: true
     0 | D:1      | 0 ||| qw: Lair rune preference: random
     0 | D:1      | 0 ||| qw: Plans: Normal
     0 | D:1      | 0 ||| PLANNING D:1-11
   346 | D:1      | Found a faded altar of an unknown god.
   377 | D:1      | Reached XP level 2. HP: 16/16 MP: 4/4
   378 | D:1      | Reached skill level 6 in Ranged Weapons
   703 | D:1      | 703 ||| READING scroll labelled KIESAI QE XENO.
   704 | D:1      | 704 ||| READING 2 scrolls labelled WUKHLA CUYCISU.
   705 | D:1      | 705 ||| READING scroll labelled ZEUZXO FA ENLO.
   706 | D:1      | 706 ||| READING scroll labelled YPAQAM CATH.
   707 | D:1      | 707 ||| DRINKING 3 silvery potions.
   708 | D:1      | 708 ||| DROPPING scroll of butterflies.
   709 | D:1      | 709 ||| DROPPING 2 potions of degeneration.
   863 | D:2      | HP: 4/16 [poisoned by an adder]
   868 | D:2      | Reached XP level 3. HP: 4/20 MP: 5/5
   869 | D:2      | HP: 3/20 [ball python (1)]
   883 | D:2      | Slain by a worm

Levels and vault maps discovered:
D:1:      spicycebolla_green_bress_n_ham, layout_basic,
          shapermc_ecumenical_altar_pompeii
D:2:      layout_loops_cross, minmay_crystal_room, minmay_tall_x

Skill      XL: |  1  2 |
---------------+-------+-----
Ranged Weapons | 6 |  6.8
Fighting       | |  1.5
Dodging        | |  2.4
Stealth        | |  1.2

Action                     || total
---------------------------++-------
   Fire: Shortbow          ||    52
    Use: Scroll            ||     4
         Potion            ||     1
 Armour: Leather armour    ||     9
  Dodge: Dodged            ||    35

Table legend:
 A = Non-vault XP
 B = Vault XP
 C = Vault XP percentage of total XP
 D = Non-vault monster count
 E = Vault monster count
 F = Vault count percentage of total count
                 A         B        C        D         E       F
            +---------+---------+-------+---------+---------+-------
      Total |      47 |       5 |   9.6 |      16 |       3 |  15.8
            +---------+---------+-------+---------+---------+-------
        D:1 |      17 |       0 |   0.0 |      12 |       0 |   0.0
        D:2 |      30 |       5 |  14.3 |       4 |       3 |  42.9
            +---------+---------+-------+---------+---------+-------
